 Dungeon Crawl Stone Soup version 0.28.0-1-gb440e238dd (webtiles) character file.

Game seed: 17437978010928898135

5 Woods the Caller (level 1, 0/7 HPs)
             Began as a Felid Summoner on Feb 25, 2022.
             Slain by a kobold (4 damage)
             ... on level 1 of the Dungeon.
             The game lasted 00:00:35 (444 turns).

Woods the Caller (Felid Summoner)                    Turns: 444, Time: 00:00:36

Health: 0/7        AC:  1    Str:  4    XL:     1   Next: 66%
Magic:  2/4        EV: 18    Int: 16    God:
Gold:   28         SH:  0    Dex: 22    Spells: 3/4 levels left
                                        Lives:  0   Deaths: 0

rFire   . . .      SeeInvis +   (weapon unavailable)
rCold   . . .      Faith    .   (shield unavailable)
rNeg    . . .      Spirit   .   (armour unavailable)
rPois   .          Reflect  .   (helmet unavailable)
rElec   .          Harm     .   (cloak unavailable)
rCorr   .          Rampage  .   (gloves unavailable)
Will    .....                   (boots unavailable)
Stlth   +++.......              (no amulet)
HPRegen 0.02/turn               a - +6 ring of dexterity
MPRegen 0.09/turn               (no ring)

@: quick
A: very small, claws 1, fangs 3, see invisible, speed 1, shaggy fur 1, stealthy
paws, no weapons or thrown items, no armour, multi-lived
a: no special abilities


You were on level 1 of the Dungeon.
You visited 1 branch of the dungeon, and saw 1 of its levels.

You collected 28 gold pieces.

Inventory:

Jewellery
 a - a +6 ring of dexterity (left paw)


   Skills:
 + Level 2.9 Dodging
 + Level 2.9 Stealth
 + Level 2.1 Spellcasting
 + Level 4.0 Summonings


You had 3 spell levels left.
You knew the following spells:

 Your Spells              Type           Power      Damage    Failure   Level
a - Summon Small Mammal   Summ           56%        N/A       3%          1

Your spell library contained the following spells:

 Spells                   Type           Power      Damage    Failure   Level
 Call Imp                 Summ           14%        N/A       6%          2
 Call Canine Familiar     Summ           14%        N/A       12%         3
 Summon Guardian Golem    Hex/Summ       8%         N/A       26%         3
 Summon Lightning Spire   Summ/Air       8%         N/A       65%         4


Dungeon Overview and Level Annotations

Branches:
Dungeon (1/15)

Altars:


Innate Abilities, Weirdness & Mutations

You have sharp claws.
You have razor-sharp teeth.
You have supernaturally acute eyesight. (SInv)
You cover ground quickly. (Speed+)
You are covered in fur. (AC +1)
Your paws help you pounce on unaware monsters.
You are incapable of wielding weapons or throwing items.
You cannot wear armour.
You gain extra lives every three experience levels.


Message History

Things that are here:
a +0 dagger; a stone Your quokka bites the rat.
The rat bites your quokka.
You swap places.
You scratch the rat.
You kill the rat!
Found a faded altar of an unknown god.
Found an iron ring.
a - a +6 ring of dexterity Your quokka disappears in a puff of smoke!
HP restored.
Found a stone staircase leading down.
You feel agile.
a - a +6 ring of dexterity (left paw)
You now have 23 gold pieces (gained 7).
You now have 28 gold pieces (gained 5).
You open the door.
A kobold and an endoplasm come into view.
The endoplasm quivers.
There are monsters nearby!
There are monsters nearby!
Casting: Summon Small Mammal (safe; 3% risk of failure)
Confirm with . or Enter, or press ? or * to list all spells.
You don't know that spell.
The endoplasm jiggles.
There is an open door here.
The kobold shouts!
Casting: Summon Small Mammal (safe; 3% risk of failure)
Confirm with . or Enter, or press ? or * to list all spells.
The endoplasm freezes you.
You are frozen.
Casting: Summon Small Mammal (safe; 3% risk of failure)
Confirm with . or Enter, or press ? or * to list all spells.
The endoplasm barely misses you.
Your quokka bites the endoplasm but does no damage.
You scratch the endoplasm.
The endoplasm is heavily wounded.
The kobold hits you with a +0 club.
Ouch! That really hurt!
You die...

#...........#.#
##...########.# ##.##
#.# #.# #.# #.# #.#
##'## #.# ##...## #.#
##rJ...## #.## #r@K....#
##..#
..............####...###
..............+.........
.##.#.........####...###
#.#........## ##..# #
#.#.....## ##.#
#.##...## #.# #. #+##
#.# #.#


You could see an endoplasm (ally target), a kobold and 2 friendly quokkas.

Vanquished Creatures
  A frilled lizard (D:1)
  A kobold (D:1)
  A rat (D:1)
3 creatures vanquished.

Vanquished Creatures (collateral kills)
  A dart slug (D:1)
  A rat (D:1)
2 creatures vanquished.

Grand Total: 5 creatures vanquished

Notes
Turn   | Place    | Note
-------+----------+-------------------------------------------
     0 | D:1      | Woods the Felid Summoner began the quest for the Orb.
     0 | D:1      | Reached XP level 1. HP: 7/7 MP: 4/4
   194 | D:1      | Found a faded altar of an unknown god.
   444 | D:1      | Slain by a kobold

Illustrated notes

Levels and vault maps discovered:
D:1:      nagdon_arrival_double_spiral, layout_loops_corners,
          hellmonk_ecumenical_altar_run_dry, serial_shops, shop_statue

Action                   || total
-------------------------++-------
Melee: Unarmed           ||     4
 Cast: Summon Small Mamm ||     7
Dodge: Dodged            ||     4
